Cogmind - Beta 9.4 @@@ ROGUE MODE // 2020.02.01 @ 16:03:46 // Winter2019/RPGLIKE Player: Hilbert Result: Self-destructed Performance ------------- Evolutions (1) 500 Regions Visited (2) 400 Robots Destroyed (5) 25 Value Destroyed (90) 90 Prototype IDs (0) 0 Alien Tech Used (0) 0 Bonus (0) 0 TOTAL SCORE: 1015 Bonus ------- None Cogmind --------- Core Integrity 309/600 Matter 6/300 Energy 240/240 System Corruption 0% Temperature Cool (18) Movement Flying (34) Location -9/Materials Parts ------- > --- POWER (1) -------- Nuclear Core > --- PROPULSION (3) --- VTOL Module VTOL Module VTOL Module > --- UTILITY (3) ------ Improved Terrain Scan Processor Light Armor Plating > --- WEAPON (3) ------- (None) > --- INVENTORY (0) ---- (None) Peak State ------------ > --- POWER ------------ Nuclear Core > --- PROPULSION ------- VTOL Module VTOL Module VTOL Module > --- UTILITY ---------- Improved Terrain Scan Processor Light Armor Plating > --- WEAPON ----------- Light Assault Rifle Grenade Launcher > --- INVENTORY -------- (None) [Rating: 15] Favorites ----------- Power Ion Engine Engine Ion Engine Power Core Nuclear Core Propulsion VTOL Module Wheel Compact Wheel Flight Unit VTOL Module Utility Light Armor Plating Processor Improved Terrain Scan Processor Protection Light Armor Plating Weapon Light Assault Rifle Ballistic Gun Light Assault Rifle Launcher Grenade Launcher Build | -11 -10 -9 ------- Run | Scr Mat Mat Slots Evolved 6 | . 4 2 Power . | . . . Propulsion 2 | . 2 . Utility 2 | . . 2 Weapon 2 | . 2 . Parts Attached 10 | 3 5 2 Power 2 | 1 . 1 Engine 1 | 1 . . Core 1 | . . 1 Reactor . | . . . Propulsion 4 | 1 3 . Treads . | . . . Leg . | . . . Wheel 1 | 1 . . Hover . | . . . Flight 3 | . 3 . Utility 2 | . 1 1 Device . | . . . Storage . | . . . Processor 1 | . . 1 Hackware . | . . . Protection 1 | . 1 . Artifact . | . . . Weapon 2 | 1 1 . Energy Gun . | . . . Energy Cannon . | . . . Ballistic Gun 1 | 1 . . Ballistic Cannon . | . . . Launcher 1 | . 1 . Special Weapon . | . . . Impact Weapon . | . . . Slashing Weapon . | . . . Piercing Weapon . | . . . Special Melee Weapon . | . . . Unidentified Prototypes . | . . . Parts Lost . | . . . Power . | . . . Propulsion . | . . . Utility . | . . . Weapon . | . . . Highest Loss Streak . | . . . Average Slot Usage (%) 74 | . 73 76 Engine 7 | . 12 . Core 3 | . . 8 Wheel 1 | . 2 . Flight 29 | . 29 30 Processor 3 | . . 10 Protection 6 | . 5 10 Ballistic Gun 10 | . 12 8 Launcher 10 | . 11 8 Naked Turns . | . . . Heaviest Build 14 | 6 12 14 Greatest Support 16 | 16 16 15 Greatest Overweight (x) 1 | . 1 . Average Overweight (x) . | . . . Largest Inventory Capacity . | . . . Average Capacity . | . . . Most Carried . | . . . Average Carried . | . . . Final Capacity . | . . . Final Carried . | . . . Class Distribution -------------------- 100% | Mutant Dominant Class ---------------- Mutant | -10/Materials Mutant | -9/Materials Resources | -11 -10 -9 ----------- Run | Scr Mat Mat Matter Collected 231 | 230 1 . Remotely . | . . . Salvage Created 4 | . 4 . Parts 4 | . 4 . Haulers Intercepted . | . . . Recyclers Shooed . | . . . Parts Field Recycled . | . . . Retrieved Matter . | . . . Parts Self-Destructed . | . . . Prevented . | . . . Kills | -11 -10 -9 ------- Run | Scr Mat Mat Combat Hostiles Destroyed 4 | . 4 . AOE 4 | . 4 . Classes Destroyed 3 | . 3 . Watcher 1 | . 1 . Swarmer 3 | . 3 . Grunt 1 | . 1 . Best Kill Streak 4 | . 4 . Combat Bots Only 3 | . 3 . Max Kills in Single Turn 3 | . 3 . Gunslinging . | . . . Exploded 3 | . 3 . Melee . | . . . Uniques/NPCs Destroyed . | . . . Combat | -11 -10 -9 -------- Run | Scr Mat Mat Damage Taken 349 | . 143 206 Core 291 | . 119 172 Absorbed by Shields . | . . . Redirected to Core 210 | . 83 127 Core Remaining (%) 90 | 100 80 . Volleys Fired 21 | . 15 6 Largest 2 | . 2 1 Hottest 50 | . 50 30 Shots Fired 36 | . 30 6 Gun 15 | . 15 . Cannon . | . . . Launcher 21 | . 15 6 Special . | . . . Kinetic 15 | . 15 . Thermal . | . . . Explosive 21 | . 15 6 Electromagnetic . | . . . Robot Hit Streak 7 | . 4 7 Robot Miss Streak 2 | . 2 1 Penetration Max . | . . . Secondary Targets . | . . . Shots Hit Robots 10 | . 6 4 Core Hits 8 | . 6 2 Critical Hits . | . . . Critical Kills . | . . . Critical Parts Destroyed . | . . . Melee Attacks . | . . . Impact . | . . . Slashing . | . . . Piercing . | . . . Sneak Attacks . | . . . Combat Hostiles . | . . . Follow-up Attacks . | . . . Damage Inflicted 510 | . 442 68 Guns 26 | . 26 . Cannons . | . . . Explosions 484 | . 416 68 Melee . | . . . Ramming . | . . . Kinetic 26 | . 26 . Thermal . | . . . Explosive 484 | . 416 68 Electromagnetic . | . . . Impact . | . . . Slashing . | . . . Piercing . | . . . Highest Corruption . | . . . Average Corruption . | . . . Corruption Purged . | . . . Overload Shots . | . . . Overflow Damage 10 | . 10 . Projectiles . | . . . Explosions 10 | . 10 . Melee . | . . . Knockbacks . | . . . Impact . | . . . Kinetic . | . . . Secondary . | . . . Self-Inflicted Damage 151 | . 96 55 Shots 5 | . 3 2 Rammed . | . . . Targets Rammed . | . . . Kicked . | . . . Crushed . | . . . Highest Temperature 69 | . 69 60 Average Temperature 26 | . 24 30 Received Heat Transfer 63 | . . 63 Siege Activations . | . . . Robots Corrupted . | . . . Combat Hostiles . | . . . Parts Fried . | . . . Impact Corruptions . | . . . Robots Melted . | . . . Combat Hostiles . | . . . Parts Melted . | . . . Heat Transferred . | . . . Parts Sabotaged . | . . . Parts Stolen . | . . . Parts Stripped . | . . . Power Chain Reactions . | . . . Missiles Intercepted . | . . . Alert | -11 -10 -9 ------- Run | Scr Mat Mat Peak Influence 127 | . 127 83 Average Influence 47 | . 54 65 Maximum Alert Level . | . . . Low Security (%) 100 | 100 100 100 Level 1 . | . . . Level 2 . | . . . Level 3 . | . . . Level 4 . | . . . Level 5 . | . . . High Security . | . . . Max Security . | . . . Squads Dispatched 1 | . . 1 Investigation . | . . . Extermination . | . . . Reinforcement 1 | . . 1 Assault . | . . . Garrison . | . . . Intercept . | . . . Construction Impeded . | . . . Haulers Reinforced . | . . . Stealth | -11 -10 -9 --------- Run | Scr Mat Mat Distress Signals 1 | . 1 . Communications Jammed . | . . . Distress Signals . | . . . Times Spotted 9 | . 5 4 Peak Tracking Total 5 | . 4 5 Tactical Retreats . | . . . Traps | -11 -10 -9 ------- Run | Scr Mat Mat Traps Triggered 1 | . . 1 Indirectly . | . . . Trap Hack Attempts . | . . . Triggered . | . . . Disarmed . | . . . Reprogrammed . | . . . Reused . | . . . Traps Extracted . | . . . Installed . | . . . Triggered . | . . . Machines | -11 -10 -9 ---------- Run | Scr Mat Mat Machines Disabled 1 | . 1 . Max in Single Turn 1 | . 1 . Machines Sabotaged . | . . . Garrisons Compromised . | . . . Overloaded Fab Kills . | . . . Fab Network Shutdowns . | . . . Hacking | -11 -10 -9 --------- Run | Scr Mat Mat Machines Accessed . | . . . Terminals . | . . . Fabricators . | . . . Repair Stations . | . . . Recycling Units . | . . . Scanalyzers . | . . . Garrison Access . | . . . Total Hacks . | . . . Successful . | . . . Failed . | . . . Catastrophic . | . . . Database Lockouts . | . . . Manual . | . . . Terminals . | . . . Fabricators . | . . . Repair Stations . | . . . Recycling Units . | . . . Scanalyzers . | . . . Garrison Access . | . . . Terminal Hacks . | . . . Fabricator Hacks . | . . . Repair Station Hacks . | . . . Recycling Unit Hacks . | . . . Scanalyzer . | . . . Garrison Access Hacks . | . . . Unauthorized Hacks . | . . . Terminals . | . . . Fabricators . | . . . Repair Stations . | . . . Recycling Units . | . . . Scanalyzers . | . . . Garrison Access . | . . . Data Cores Recovered . | . . . Used . | . . . Hacking Detections . | . . . Full Trace Events . | . . . Feedback Events . | . . . Feedback Blocked . | . . . Robot Schematics Acquired . | . . . Robots Built . | . . . Matter . | . . . Time . | . . . Total Robot Build Rating . | . . . Part Schematics Acquired . | . . . Parts Built . | . . . Matter . | . . . Time . | . . . Total Part Build Rating . | . . . Parts Repaired . | . . . Time . | . . . Parts Recycled . | . . . Recycled Matter . | . . . Retrieved Matter . | . . . Retrieved Components . | . . . Parts Scanalyzed . | . . . Part Schematics Acquired . | . . . Parts Damaged . | . . . Bothacking | -11 -10 -9 ------------ Run | Scr Mat Mat Used RIF Installer . | . . . Robots Hacked . | . . . Non-combat . | . . . Combat . | . . . Robot Hacks Applied . | . . . Relay Couplers Released . | . . . Robots Rewired . | . . . Allies Hacked . | . . . Hacks Repelled . | . . . Allies | -11 -10 -9 -------- Run | Scr Mat Mat Total Allies . | . . . Largest Group . | . . . Highest-Rated Group . | . . . Highest-Rated Ally . | . . . Total Orders . | . . . Ally Attacks . | . . . Total Damage . | . . . Kills . | . . . Allies Corrupted . | . . . Allies Melted . | . . . Intel | -11 -10 -9 ------- Run | Scr Mat Mat Robot Analysis Total . | . . . Derelict Logs Recovered . | . . . Drone Launches . | . . . Drone Recoveries . | . . . Exploration | -11 -10 -9 ------------- Run | Scr Mat Mat Turns Passed 274 | 51 142 81 Spaces Moved 439 | 56 216 167 Core 20 | 20 . . Treads . | . . . Legs . | . . . Wheels 63 | 36 27 . Hover . | . . . Flight 356 | . 189 167 Fastest Speed 34 | 50 34 34 Average Speed 44 | 82 42 34 Slowest Speed 125 | 100 125 34 Overloaded Moves . | . . . Propulsion Burnouts . | . . . Robots Hopped . | . . . Cave-ins Triggered . | . . . Exploration Rate (%) 16 | 4 30 15 Regions Visited 2 Branch Regions . Pre-discovered Areas . | . . . Known Exits Taken . | . . . Unknown Exits Taken 2 | 1 1 . Scrap Searched . | . . . Spaces Dug 60 | . 53 7 Terrain Destroyed 132 | . 106 26 Melee . | . . . Projectile . | . . . AOE 132 | . 106 26 Actions | -11 -10 -9 --------- Run | Scr Mat Mat Total 479 | 59 236 184 Wait 9 | 1 . 8 Move 437 | 55 215 167 Hop . | . . . Pick Up . | . . . Fast Attach 10 | 3 5 2 Attach . | . . . Detach . | . . . Swap . | . . . Drop 2 | . 1 1 Fire 21 | . 15 6 Melee . | . . . Ram . | . . . Kick . | . . . Crush . | . . . Escape Stasis . | . . . Rewire . | . . . Trap . | . . . Miscellaneous . | . . . Route ------- -11/Scrapyard -10/Materials -9/Materials History --------- Turn | Location | Event 6 | -11/Scrapyard | Discovered new exit (range 15) 52 | -11/Scrapyard | Entered Materials 58 | -10/Materials | Upgraded with Propulsion slot (x2) 58 | -10/Materials | Upgraded with Weapon slot (x2) 184 | -10/Materials | Discovered new exit (range 15) 194 | -10/Materials | Entered another Materials area 196 | -9/Materials | Reached level 2 196 | -9/Materials | Upgraded with Utility slot (x2) 275 | -9/Materials | Self-destructed Last Messages --------------- LOCATION=UNKNOWN GOAL=ESCAPE 00196_ Reached level 2. 00196_ Upgraded: Utility Slot (+2) 00197_ Acquired Imp. Terrain Scan Processor. 00199_ Dropped Ion Engine. 00200_ Acquired Nuclear Core. 00238_ Connecting with Terminal... 00238_ Current location identified: Materials 00244_ O-16 Technician: "IFF HANDSHAKE FAILED. SECURING TERMINAL." 00245_ O-16 Technician uses terminal to summon reinforcements. 00245_ ALERT: Hostiles spotted, dispatching reinforcements to Terminal M010. 00245_ O-16 Technician locks terminal. 00269_ Triggered Blade Trap. 00269_ Massive razor-sharp blades shoot up from within the floor. 00269_ Lgt. Assault Rifle severed. 00269_ Grenade Launcher severed. 00270_ R-06 Scavenger collects Grenade Launcher. 00274_ R-06 Scavenger collects Lgt. Assault Rifle. Map ----- +----------------------------------------------------+ | | | ??????????????????????????????? | | ??????????????????????????????? | | ??????????????????????????????? | | ??????????????????????????????? | | ??????????????????????????????? | | ??????????????????????????????? | | ??????????????????????????????? | | ??????????????????????????????? | | ??????????????????????????????? | | ??????????????????????????????? | | ??????????????????????????????? | | ??????????????????????????????? | | ??????????????????????????????? | | ??????????????????????????????? | | ??????????????????????#####???? | | ??????????????????????# #???? | | ??????????????????????# #???? | | ??????????????????##### #???? | | ??????????????????#!! #???? | | ??????????????????#!! #???? | | ??????????????????#** #???? | | ??????????????????#* #???? | | ??????????????????#!! #???? | | ??????????????????#! #???? | | ??????????????????##### @#???? | | ??????????????????????# #???? | | ??????????????????????# #???? | | ??????????????????????# #???? | | ??????????????????????# #???? | | ??????????????????????# #???? | | ??????????????????????# #???? | | ??????????????????????# #???? | | ??????????????????????# #???? | | ??????????????????????# #???? | | ??????????????????????# #???? | | ??????????????????????# #???? | | ?????????????########## #???? | | ?????????????# # #???? | | ?????????????# # #???? | | ?????????????# #r #???? | | ?????????????# #[ #???? | | ?????????????# + #???? | | ?????????????# # #???? | | ?????????????# # #???? | | ?????????????# # ##??? | | ?????????????# # #??? | | ????????????########### #??? | | ????????????# # #??? | | ????????????# + #??? | +----------------------------------------------------+ Best States ------------- Heat Dissipation 25 Energy Generation 14 Energy Capacity 250 Matter Stores 300 Matter Capacity 300 Sight Range 16 Terrain Scan Density 110 Armor Coverage 150 Evasion (%) 63 Item Schematics ----------------- None Robot Schematics ------------------ None Fabricated ------------ Nothing Alien Tech Used ----------------- None Achievements -------------- None Challenges ------------ None RPGLIKE | -11 -10 -9 --------- Run | Scr Mat Mat Levels Raised 1 | . . 1 XP Earned 5060 | 3000 560 1500 XP Spent 3900 | . 2600 1300 Upgrades 6 | . 4 2 Propulsion Slot 2 | . 2 . Utility Slot 2 | . . 2 Weapon Slot 2 | . 2 . Protomatter Created 28 | . 28 . Protomatter Decayed . | . . . Game ------ Seed SystemVariableThrower Manual? 0 Play Time 00:10:02 Cumulative 23.5 hours Start 2019.12.17 @ 19:24:59 End 2020.02.01 @ 16:03:46 Sessions 3 Manual Loads 0 Difficulty Rogue Special Mode Winter2019/RPGLIKE Game No. 48 Rogue 48 Adventurer 0 Explorer 0 Win Type - Total 0 Types 0/0/0/0/0/0/0 Lore% 26 Gallery% 33 Achievement% 24 Wizard Run 0 Options --------- ASCII 0 Keyboard 0 Movement Vi Keybinds 0 Fullscreen 1 Font 18/SmallcapsGlow Map View 76x50 Tactical HUD 1 Map Filters NONE Filters NONE Steam 1 RUN: f25d146f-964b-474f-94ee-716153bcd82d